 Dungeon Crawl Stone Soup version 0.17.0-56-gd8de76c (webtiles) character file.

1946 gorblad the Shield-Bearer (level 8, -3/68 HPs)
             Began as a Demigod Fighter on Dec 5, 2015.
             Slain by a wyvern skeleton (7 damage)
             ... on level 7 of the Dungeon.
             The game lasted 00:12:07 (5267 turns).

gorblad the Shield-Bearer (Demigod Fighter)         Turns: 5267, Time: 00:12:07

Health: -3/68      AC: 15    Str: 27    XL:     8   Next: 66%
Magic:  10/10      EV: 13    Int: 16    God:
Gold:   367        SH: 12    Dex: 19    Spells: 0 memorised, 7 levels left

rFire  . . .     SeeInvis .     y - +1 hand axe (freeze)
rCold  . . .     Clarity  .     D - +4 robe of Augmentation {Str+4 Int+4 Dex+4}
rNeg   . . .     SustAt   +     c - +1 shield
rPois  +         Gourm    .     t - +1 helmet
rElec  .         Spirit   .     i - +0 cloak
rCorr  .         Warding  .     w - +1 pair of gloves
rMut   .         Stasis   .     (no boots)
MR     .....                    (no amulet)
Stlth  ++........               u - ring of poison resistance
                                o - +3 ring of protection

@: not resistant to hostile enchantments, unstealthy
A: high mp 1, sustain attributes
a: no special abilities


You were on level 7 of the Dungeon.
You were not hungry.

You visited 1 branch of the dungeon, and saw 7 of its levels.

You collected 367 gold pieces.

Inventory:

Hand Weapons
 a - a +1 war axe
 y - a +1 hand axe of freezing (weapon)
Armour
 b - a +0 scale mail
 c - a +1 shield (worn)
 i - a +0 cloak (worn)
 t - a +1 helmet (worn)
 w - a +1 pair of gloves (worn)
 D - the +4 robe of Augmentation (worn) {Str+4 Int+4 Dex+4}
   (You found it on level 6 of the Dungeon)

   It affects your strength (+4).
   It affects your intelligence (+4).
   It affects your dexterity (+4).
Jewellery
 l - an uncursed ring of ice
 o - a +3 ring of protection (left hand)
 u - a ring of poison resistance (right hand)
 x - a +3 ring of dexterity {unknown}
 E - an uncursed ring of protection from magic {unknown}
Wands
 q - a wand of flame (30)
 r - a wand of frost (29)
Scrolls
 g - a scroll of recharging
 h - 7 scrolls of remove curse
 A - a scroll of magic mapping
 B - a scroll of teleportation
 F - 2 scrolls of identify
Potions
 d - 2 potions of might
 j - a potion of ambrosia {unknown}
 m - 2 potions of invisibility
 v - a potion of flight {unknown}
 I - a potion of heal wounds {unknown}
Books
 k - an Akashic Record

   Spells                             Type                      Level
   a - Dispersal                      Translocation                6
   b - Malign Gateway                 Summoning/Translocation      7
   c - Disjunction                    Translocation                8
   d - Controlled Blink               Translocation                8
 p - a book of Transfigurations

   Spells                             Type                      Level
   a - Stoneskin                      Transmutation/Earth          2
   b - Irradiate                      Conjuration/Transmutation    5
   c - Statue Form                    Transmutation/Earth          6
   d - Hydra Form                     Transmutation                6
   e - Dragon Form                    Transmutation                7
 H - a book of Minor Magic

   Spells                             Type                      Level
   a - Magic Dart                     Conjuration                  1
   b - Blink                          Translocation                2
   c - Call Imp                       Summoning                    2
   d - Repel Missiles                 Charms/Air                   2
   e - Slow                           Hexes                        2
   f - Conjure Flame                  Conjuration/Fire             3
   g - Mephitic Cloud                 Conjuration/Poison/Air       3
Comestibles
 e - 4 bread rations
 f - 4 fruits
 z - a slice of pizza
 C - a meat ration
 G - a beef jerky


   Skills:
 + Level 5.3 Fighting
 + Level 5.1 Axes
 + Level 4.9 Armour
 + Level 4.7 Dodging
 + Level 1.2 Stealth
 + Level 5.6 Shields


You had 7 spell levels left.
You didn't know any spells.

Dungeon Overview and Level Annotations

Branches:
Dungeon (7/15)
 Temple: D:4-7


Innate Abilities, Weirdness & Mutations

You have an increased reservoir of magic (+10% MP).
Your attributes are resistant to harm.


Message History

Joseph is almost dead.
Joseph barely misses you.
You barely miss Joseph.
Joseph is almost dead.
Joseph misses you.
You hit Joseph but do no damage.
Joseph is almost dead.
You block Joseph's attack.
You slash Joseph! You freeze Joseph.
You kill Joseph!
Your Axes skill increases to level 5!
Your Stealth skill increases to level 1!
Drink which item? (? for menu, Esc to quit)
It was a potion of cancellation.
You feel magically purged. The wyvern skeleton barely misses you.
The wyvern skeleton bites you but does no damage.
You hit the wyvern skeleton. You block the wyvern skeleton's attack.
You slash the wyvern skeleton! You block the wyvern skeleton's attack.
You slash the wyvern skeleton! The wyvern skeleton bites you!
You die...

## .. .# . ...
.# #...# ##.
.#.. ... ...
#.# #.# #.#
##.####)###.##
#.(.(.(@Z....#
#..####.#####.#
##########..#
#.#
#...........#
#.#
...#######..#
#.#
#..#######..#
#.#
........##..#
#..
#..####.##..#
### #..#
#.##..#


You could see a wyvern skeleton.

Vanquished Creatures
  Joseph (D:7)
  Sigmund (D:4)
  2 sky beasts
  2 ogres
  2 centaurs
  2 phantoms (D:4)
  5 wights (D:6)
  2 jellies
  3 hounds
  A giant frog skeleton (D:4)
  Jessica (D:2)
  An iguana (D:4)
  4 worker ants
  A hound zombie (D:5)
  Robin (D:4)
  9 adders
  An ooze (D:7)
  3 adder skeletons
  2 adder zombies (D:7)
  A worm (D:2)
  8 giant geckos
  6 orcs
  6 giant cockroaches
  8 hobgoblins
  4 jackals (D:4)
  9 kobolds
  3 quokkas
  A ball python (D:6)
  7 bats
  A giant gecko zombie (D:5)
  6 giant newts
  19 goblins
  10 rats
133 creatures vanquished.

Notes
Turn   | Place    | Note
--------------------------------------------------------------
     0 | D:1      | gorblad the Demigod Fighter began the quest for the Orb.
     0 | D:1      | Reached XP level 1. HP: 18/18 MP: 3/3
     0 | D:1      | Noticed a human skeleton
     3 | D:1      | Noticed a spriggan skeleton
     6 | D:1      | Noticed a spriggan skeleton
     7 | D:1      | Noticed a spriggan skeleton
    10 | D:1      | Noticed a troll skeleton
    13 | D:1      | Noticed a spriggan skeleton
    14 | D:1      | Noticed a human skeleton
    14 | D:1      | Noticed a minotaur skeleton
    16 | D:1      | Noticed a vine stalker skeleton
    18 | D:1      | Noticed a minotaur skeleton
    18 | D:1      | Noticed a vine stalker skeleton
   279 | D:1      | Reached skill level 3 in Fighting
   279 | D:1      | Reached XP level 2. HP: 17/26 MP: 4/4
   788 | D:2      | Noticed Jessica
   791 | D:2      | Killed Jessica
   791 | D:2      | Reached XP level 3. HP: 29/31 MP: 5/5
  1006 | D:2      | Found a bloodstained altar of Trog.
  1124 | D:2      | Reached XP level 4. HP: 34/38 MP: 6/6
  1663 | D:3      | Reached skill level 1 in Dodging
  1854 | D:3      | Reached XP level 5. HP: 35/45 MP: 7/7
  2196 | D:4      | Noticed a phantom
  2205 | D:4      | Killed a phantom
  2305 | D:4      | Noticed a phantom
  2318 | D:4      | Killed a phantom
  2318 | D:4      | Reached XP level 6. HP: 38/52 MP: 8/8
  2348 | D:4      | Noticed Robin
  2387 | D:4      | Killed Robin
  2660 | D:4      | Reached skill level 4 in Armour
  2767 | D:4      | Noticed Sigmund
  2783 | D:4      | Killed Sigmund
  3069 | D:4      | Reached XP level 7. HP: 59/59 MP: 9/9
  3313 | D:5      | Entered Level 5 of the Dungeon
  3463 | D:5      | Found a burning altar of Makhleb.
  3465 | D:5      | Found a glowing silver altar of Zin.
  3465 | D:5      | Noticed an angel
  3466 | D:5      | Noticed a blizzard demon
  3929 | D:6      | Found a radiant altar of Vehumet.
  3929 | D:6      | Found a snail-covered altar of Cheibriados.
  3934 | D:6      | Found a blossoming altar of Fedhas.
  4454 | D:6      | Reached XP level 8. HP: 35/67 MP: 10/10
  4627 | D:6      | Reached skill level 5 in Fighting
  4627 | D:6      | Reached skill level 5 in Shields
  4943 | D:7      | Found a bloodstained altar of Trog.
  5217 | D:7      | Noticed Joseph
  5259 | D:7      | HP: 3/68 [Joseph/uncursed enchanted quarterstaff (15)]
  5263 | D:7      | Killed Joseph
  5263 | D:7      | Reached skill level 5 in Axes
  5263 | D:7      | Reached skill level 1 in Stealth
  5267 | D:7      | Slain by a wyvern skeleton

Action                   |  1- 3 |  4- 6 |  7- 9 || total
-------------------------+-------+-------+-------++-------
Melee: War axe           |   113 |   181 |   118 ||   412
       Hand axe          |       |       |   143 ||   143
  Use: Potion            |     1 |     3 |     4 ||     8
       Scroll            |       |     8 |    10 ||    18
 Stab: Sleeping          |       |       |     2 ||     2
  Eat: Chunk             |     1 |     6 |     8 ||    15
